 Dungeon Crawl Stone Soup version 0.28-a0-796-gd4f0d3f9b2 (webtiles) character file.

Game seed: 7185334253617136402

3146 Essalna the Destroyer (level 9, -6/47 HPs)
             Began as a Gargoyle Fire Elementalist on Nov 6, 2021.
             Engulfed by a cloud of flame (23 damage)
             ... on level 7 of the Dungeon.
             The game lasted 00:18:09 (7765 turns).

Essalna the Destroyer (Gargoyle Fire Elementalist)  Turns: 7765, Time: 00:18:09

Health: -6/47      AC: 15    Str: 13    XL:     9   Next: 93%
Magic:  12/19      EV: 12    Int: 18    God:
Gold:   376        SH:  0    Dex: 16    Spells: 13/22 levels left

rFire   . . .      SeeInvis .   q - +2 whip (elec)
rCold   . . .      Faith    .   (no shield)
rNeg    + . .      Spirit   .   a - +0 robe
rPois   ∞          Reflect  .   u - +0 helmet
rElec   +          Harm     .   (no cloak)
rCorr   .          Rampage  .   m - +0 pair of gloves
Will    .....                   k - +0 pair of boots
Stlth   ++........              r - amulet of magic regeneration
HPRegen 0.15/turn               n - +4 ring of protection
MPRegen 0.41/turn               w - +6 ring of dexterity

@: no status effects
A: sickness immunity, AC +6, negative energy resistance 1, electricity
resistance, torment resistance 1, petrification resistance
a: no special abilities


You were on level 7 of the Dungeon.
You visited 2 branches of the dungeon, and saw 10 of its levels.

You collected 376 gold pieces.

Inventory:

Hand Weapons
 q - a +2 whip of electrocution (weapon)
Armour
 a - a +0 robe (worn)
 k - a +0 pair of boots (worn)
 m - a +0 pair of gloves (worn)
 u - a +0 helmet (worn)
 v - a +2 scale mail of willpower
Magical Staves
 g - a staff of death
Jewellery
 n - a +4 ring of protection (left hand)
 r - an amulet of magic regeneration (around neck)
 w - a +6 ring of dexterity (right hand)
Wands
 p - a wand of mindburst (30)
 y - a wand of flame (13)
Scrolls
 f - 4 scrolls of teleportation
 h - 3 scrolls of enchant weapon
 i - a scroll of summoning {unknown}
 j - a scroll of fear
 l - 4 scrolls of identify
 s - a scroll of fog {unknown}
 x - a scroll of vulnerability
Potions
 b - a potion of degeneration
 c - a potion of attraction {unknown}
 d - 2 potions of curing {unknown}
 e - a potion of resistance {unknown}
 o - a potion of brilliance {unknown}
 t - a potion of might {unknown}
 z - 5 potions of haste {unknown}
 A - a potion of lignification {unknown}


   Skills:
 + Level 1.4 Fighting
 + Level 1.5 Armour
 + Level 2.2 Dodging
 - Level 2.4 Stealth
 + Level 7.2 Spellcasting
 + Level 8.4 Conjurations
 + Level 8.2 Fire Magic


You had 13 spell levels left.
You knew the following spells:

 Your Spells              Type           Power      Damage    Failure   Level
a - Foxfire               Conj/Fire      100%       2x1d9     1%          1
b - Scorch                Fire           72%        2d8       1%          2
c - Flame Wave            Conj/Fire      36%        3d8       3%          4
d - Passwall              Tmut/Erth      5%         N/A       16%         2

Your spell library contained the following spells:

 Spells                   Type           Power      Damage    Failure   Level
 Conjure Flame            Conj/Fire      36%        6-21      1%          3
 Inner Flame              Hex/Fire       21%        N/A       6%          3
 Ensorcelled Hibernation  Hex/Ice        12%        N/A       16%         2
 Swiftness                Air            6%         N/A       32%         3
 Tukima's Dance           Hex            6%         N/A       32%         3
 Invisibility             Hex            3%         N/A       100%        6


Dungeon Overview and Level Annotations

Branches:
Dungeon (9/15)             Temple (1/1) D:7
   Lair: D:8-11         Orc: D:9-12

Altars:
Cheibriados
Fedhas
Hepliaklqana
Kikubaaqudgha
Makhleb
Sif Muna
Uskayaw
Wu Jian
Xom
Yredelemnul
Zin
The Shining One


Innate Abilities, Weirdness & Mutations

You are immune to sickness and miasma.
Your stone body is resilient. (AC +6)
You are immune to poison.
You resist negative energy. (rN+)
You are resistant to electric shocks. (rElec)
You are resistant to unholy torment.
You are immune to petrification.


Message History

a +2 morningstar of draining; +0 acid dragon scales HP restored.
You open the door. 2 bullfrogs and an orc come into view.
The orc shouts!
The bullfrog croaks. x2; You hear a shout!
A sky beast comes into view.
The bullfrog barely misses you.
Found a long sword.
Casting: Scorch (safe; 1% risk of failure)
Confirm with . or Enter, or press ? or * to list all spells.
Casting: Flame Wave (dangerous; 3% risk of failure)
Press: ? - help, Dir - look around, f - activate A wave of flame ripples out!
The flame wave engulfs the bullfrog!
The bullfrog is severely wounded.
The tree burns like a torch! (Press . to intensify the flame waves.)
You hear a shout!
You hear a loud, deep croak!
You hear a shout!
The bullfrog closely misses you. x2
You hear a horrible gurgling sound!
A wave of flame ripples out!
The flame wave engulfs the bullfrog!!
You kill the bullfrog!
The flame wave engulfs the orc!
You kill the orc!
The tree burns like a torch!
You are engulfed in blazing flames.
You hear an angry hiss.
A sky beast comes into view.
The sky beast flickers out of sight!
Deactivating autopickup; reactivate with Ctrl-A.
A wave of flame ripples out!
The flame wave engulfs the bullfrog!
The bullfrog is moderately wounded.
The tree burns like a torch!
You finish channelling waves of flame.
You are engulfed in blazing flames.
You hear an angry hiss.
You hear a bark!
You hear a shout! x2
The sky beast flickers out of sight!
The bullfrog closely misses you. The bullfrog closely misses you.
The bullfrog hits you but does no damage.
Casting: Flame Wave (dangerous; 3% risk of failure)
Confirm with . or Enter, or press ? or * to list all spells.
Flames lash something.
You are engulfed in blazing flames.
You die...

##.# ... ##.# #.#
##.######.#
#........######.#
#................
#########.########
### ♣......)...§§§#
..#♣.###########§§#
..# ...).)F@§# ###
########§§#
.......§§§#
#♣.♣#######


You could see a bullfrog.

Vanquished Creatures
  The ghost of skizzler the Skirmisher, a novice DsGl of Qazlal (D:5)
  Maggie (D:7)
  A komodo dragon (D:6)
  Grinder (D:3)
  The ghost of UristMcRaven the Conjurer, an amateur DECj of Sif Muna (D:3)
  A black bear (D:6)
  2 orc warriors
  A hornet zombie (D:7)
  3 ogres (D:5)
  A necrophage (D:6)
  3 bullfrogs
  3 scorpions
  2 centaur zombies (D:9)
  A hound (D:5)
  A bullfrog zombie (D:6)
  3 orc priests
  A centaur skeleton (D:4)
  An iguana (D:6)
  Terence (D:2)
  5 orc wizards
  The ghost of paps the Sneak, a weakling OpDe (D:4)
  A hound zombie (D:5)
  A hound skeleton (D:4)
  Robin (D:2)
  A howler monkey zombie (D:6)
  4 gnolls (D:3)
  13 adders
  A white imp (D:6)
  An adder skeleton (D:4)
  A worm (D:3)
  21 orcs
  12 ball pythons
  4 endoplasms
  4 giant cockroaches
  16 goblins
  11 hobgoblins
  2 jackals (D:2)
  A quokka (D:1)
  4 bats
  3 frilled lizards
  8 kobolds
  4 rats
149 creatures vanquished.

Vanquished Creatures (collateral kills)
  A foxfire (D:1)
1 creature vanquished.

Vanquished Creatures (others)
  664 foxfires
  A plant (D:1)
665 creatures vanquished.

Grand Total: 815 creatures vanquished

Notes
Turn   | Place    | Note
-------+----------+-------------------------------------------
     0 | D:1      | Essalna the Gargoyle Fire Elementalist began the quest for
                  | the Orb.
     0 | D:1      | Reached XP level 1. HP: 10/10 MP: 3/3
   198 | D:1      | Reached XP level 2. HP: 5/15 MP: 0/5
   532 | D:1      | Found a faded altar of an unknown god.
   578 | D:1      | Found a faded altar of an unknown god.
  1411 | D:2      | Reached XP level 3. HP: 19/19 MP: 3/6
  2204 | D:2      | Noticed Terence
  2845 | D:3      | Found a runed translucent door.
  2848 | D:3      | Noticed UristMcRaven's ghost (amateur DECj)
  2858 | D:3      | Reached XP level 4. HP: 24/24 MP: 5/7
  3110 | D:4      | Noticed an orc warrior
  3149 | D:5      | Entered Level 5 of the Dungeon
  3202 | D:5      | Found a snail-covered altar of Cheibriados.
  3268 | D:5      | Noticed a scorpion
  3281 | D:5      | Killed a scorpion
  3282 | D:5      | Reached XP level 5. HP: 24/28 MP: 6/9
  3346 | D:5      | Noticed an ogre
  3359 | D:5      | Killed an ogre
  3360 | D:5      | Reached XP level 6. HP: 32/32 MP: 3/11
  3373 | D:5      | Learned a level 2 spell: Scorch
  3608 | D:2      | Noticed Robin
  3693 | D:2      | Killed Robin
  4003 | D:2      | Killed Terence
  4004 | D:2      | Reached XP level 7. HP: 36/36 MP: 1/13
  4053 | D:2      | Learned a level 4 spell: Flame Wave
  4107 | D:2      | Reached skill level 5 in Fire Magic
  4214 | D:3      | Noticed Grinder
  4216 | D:3      | Paralysed by Grinder for 6 turns
  4229 | D:3      | Killed Grinder
  4256 | D:3      | Reached skill level 5 in Conjurations
  4978 | D:3      | Killed UristMcRaven's ghost
  4979 | D:3      | Reached XP level 8. HP: 40/41 MP: 1/15
  5104 | D:4      | Reached skill level 5 in Spellcasting
  5468 | D:5      | Learned a level 2 spell: Passwall
  5474 | D:5      | Found a runed translucent gate.
  5474 | D:5      | Found a runed translucent gate.
  5474 | D:5      | Found a runed translucent gate.
  5478 | D:5      | Noticed paps's ghost (weakling OpDe)
  5478 | D:5      | Noticed skizzler's ghost (novice DsGl)
  5856 | D:4      | Killed paps's ghost
  5871 | D:5      | HP: 1/41 [skizzler's ghost (13)]
  5884 | D:5      | Killed skizzler's ghost
  5885 | D:5      | Reached XP level 9. HP: 3/45 MP: 1/18
  6331 | D:6      | Noticed a komodo dragon
  6344 | D:6      | Killed a komodo dragon
  6422 | D:6      | You fall into a shaft and drop 3 floors!
  6506 | D:9      | Noticed a two-headed ogre
  6839 | D:7      | Found a staircase to the Ecumenical Temple.
  6849 | Temple   | Entered the Ecumenical Temple
  7141 | D:6      | Found a blossoming altar of Fedhas.
  7257 | D:6      | Identified the +5 battleaxe of Zuddahui {vorpal, rC+}
  7720 | D:7      | Noticed Maggie
  7726 | D:7      | Killed Maggie
  7727 | D:7      | Reached skill level 1 in Fighting
  7727 | D:7      | Reached skill level 1 in Armour
  7765 | D:7      | Engulfed by a cloud of flame

Illustrated notes

Levels and vault maps discovered:
D:1:      dpeg_arrival_signposts, layout_basic,
          hellmonk_ecumenical_altar_the_god_not_taken, serial_bayou_pond_c,
          nrook_mini_vaults
D:2:      layout_basic, uniq_robin, uniq_terence
D:3:      layout_basic, ebering_ghost_sewer_d, uniq_grinder
D:4:      layout_rooms, guppyfry_early_orc_mine
D:5:      layout_basic, lemuel_round_altar, gammafunk_ghost_cemetery
D:6:      layout_basic, nicolae_overflow_crystal_walls
D:7:      nzn_winding_woodlands_three_and_one
          [nzn_winding_woodlands_5x15_parted, nzn_winding_woodlands_5x15_pool,
          nzn_winding_woodlands_5x15_longhouse,
          nzn_winding_woodlands_center_diamonds], layout_loops_ring,
          minmay_temple_entry_purple_smoke, minmay_manual_mess, uniq_pikel,
          uniq_maggie
D:8:      layout_rooms, uniq_grum, uniq_maurice
D:9:      layout_loops_ring, erik_lair_orcish_takeover, zombieorc2_lemuel,
          chequers_serial_rivers_small_b, glass_columns_a,
          kb_lookout_dungeons_type, minmay_misc_feat_four_crosses, uniq_erica
Temple:   jpeg_temple_alley_garden

Skill      XL: |  1  2  3  4  5  6  7  8  9 |
---------------+----------------------------+-----
Conjurations   | 2 3 4 5 7 8 |  8.4
Spellcasting   | 3 4 6 7 |  7.2
Fire Magic     | 4 5 7 8 |  8.2
Fighting       | 1 |  1.4
Armour         | 1 |  1.5
Dodging        | 2 |  2.2
Stealth        | |  2.4

Action                   |  1- 3 |  4- 6 |  7- 9 || total
-------------------------+-------+-------+-------++-------
Melee: Unarmed           |    13 |       |       ||    13
       Staff             |     6 |    22 |    34 ||    62
       Whip              |       |       |     8 ||     8
 Cast: Foxfire           |    96 |    93 |   209 ||   398
       Scorch            |       |     6 |    61 ||    67
       Flame Wave        |       |       |     1 ||     1
  Use: Scroll            |       |       |    12 ||    12
Armor: Robe              |    11 |    19 |    47 ||    77
Dodge: Dodged            |    31 |    42 |    60 ||   133

Table legend: (Time is in decaauts)
 A = Elapsed time spent in this place.
 B = Non-inter-level travel time spent in this place.
 C = Inter-level travel time spent in this place.
 D = Time resting spent in this place.
 E = Time spent auto-exploring this place.
 F = Levels seen in this place.
 G = Mean time per level.
                   A        B        C        D        E       F      G
               +--------+--------+--------+--------+--------+-----+--------+
         Total |   7796 |   7485 |    311 |    255 |   5671 |  10 |  779.6 |
       Dungeon |   7565 |   7307 |    258 |    255 |   5499 |   9 |  840.6 |
        Temple |    230 |    177 |     53 |      0 |    172 |   1 |  230.0 |
               +--------+--------+--------+--------+--------+-----+--------+

Top non-repeatable levels by time:
     D:2: 1583 daAuts
     D:1: 1541 daAuts
     D:3: 1281 daAuts
     D:5: 1112 daAuts
     D:4: 756 daAuts
     D:6: 635 daAuts
     D:7: 295 daAuts
     D:8: 271 daAuts
  Temple: 230 daAuts
     D:9: 88 daAuts
